 Dungeon Crawl Stone Soup version 0.20.1-1-g8b1a95d (webtiles) character file.

43 polve the Charmwright (level 3, -5/28 HPs)
             Began as a Barachi Skald on Aug 15, 2017.
             Slain by a worm (9 damage)
             ... on level 2 of the Dungeon.
             The game lasted 00:01:52 (1272 turns).

polve the Charmwright (Barachi Skald)               Turns: 1272, Time: 00:01:53

Health: -5/28      AC:  3    Str: 12    XL:     3   Next: 58%
Magic:  0/6        EV: 12    Int: 14    God:
Gold:   53         SH:  0    Dex: 11    Spells: 3/6 levels left

rFire    . . .     SeeInvis .   a - +0 spear
rCold    . . .     Gourm    .   (no shield)
rNeg     . . .     Faith    .   b - +0 leather armour
rPois    .         Spirit   +   (no helmet)
rElec    .         Reflect  .   k - scarf {Spirit}
rCorr    .         Harm     .   (no gloves)
MR       .....     Rnd*Tele +   (no boots)
Stlth    +.........             (no amulet)
Regen    0.1/turn               j - ring of teleportation (curse)
MPRegen  0.1/turn               (no ring)

@: can't hop, slow
A: +LOS, swims, slowness 1, strong legs 1
a: Hop


You were on level 2 of the Dungeon.
You were not hungry.

You visited 1 branch of the dungeon, and saw 2 of its levels.

You collected 53 gold pieces.

Inventory:

Hand Weapons
 a - a +0 spear (weapon)
Armour
 b - a +0 leather armour (worn)
 k - a scarf of spirit shield (worn)
Jewellery
 j - a cursed ring of teleportation (left hand)
Scrolls
 e - a scroll of amnesia {unknown}
 h - a scroll of identify {unknown}
 l - a scroll of remove curse {unknown}
 q - a scroll of enchant armour {unknown}
 s - a scroll of fog {unknown}
Potions
 g - a potion of curing {unknown}
 m - a potion of heal wounds {unknown}
 n - 2 potions of mutation {unknown}
 p - a potion of agility {unknown}
 r - a potion of lignification {unknown}
Books
 c - a book of Battle

   Spells                             Type                      Level
   a - Infusion                       Charms                       1
   b - Shroud of Golubria             Charms/Translocation         2
   c - Song of Slaying                Charms                       2
   d - Spectral Weapon                Hexes/Charms                 3
   e - Regeneration                   Charms/Necromancy            3
Comestibles
 d - a bread ration
 f - 2 royal jellies
 i - a meat ration


   Skills:
 - Level 2.4 Fighting
 - Level 2.0 Polearms
 - Level 1.2 Armour
 - Level 2.1 Dodging
 - Level 2.1 Spellcasting
 - Level 4.1 Charms
 + Level 2.3 Translocations


You had 3 spell levels left.
You knew the following spells:

 Your Spells              Type           Power        Failure   Level  Hunger
a - Infusion              Chrm           ##..         5%          1    #......
b - Shroud of Golubria    Chrm/Tloc      ##........   12%         2    ###....


Dungeon Overview and Level Annotations

Branches:
Dungeon (2/15)

Altars:


Innate Abilities, Weirdness & Mutations

Shadows flee at your approach. (+LOS)
You can swim through water.
You cover ground slowly.
You can hop short distances.


Message History

Press: ? - help, Dir - move target cursor, f/p - worm
Aim: a worm (heavily wounded)
You reach to attack!
You hit the worm.
The worm is severely wounded.
Attack whom?
Press: ? - help, Dir - move target cursor, f/p - worm
Aim: a worm (heavily wounded)
You reach to attack!
You barely miss the worm.
The worm is heavily wounded.
Found a scroll labeled INADOPSOFEP and 4 gold pieces.
The rat closely misses you.
Attack whom?
Press: ? - help, Dir - move target cursor, f/p - worm
Aim: a worm (heavily wounded)
You reach to attack!
You hit the worm.
The worm is severely wounded.
The rat bites you.
* * * LOW HITPOINT WARNING * * *
You barely miss the rat. The worm bites you!
You die...

#####.# #.
......########.
########...........
#..................
#..................
#..............[...
###+#.......#+######+##
#......w..#>.....
#.....@r..#.#.###
#.........#.#...
#.........#.# ###
#.........#?#
#..!...%....#
#.........#.#
#.............
$....#+###?..## ######
.#..


You could see a worm and a rat.

Vanquished Creatures
  An ooze (D:1)
  2 dart slugs
  2 leopard geckos
  6 bats
  2 giant cockroaches
  4 hobgoblins (D:1)
  2 jackals (D:1)
  2 kobolds (D:1)
  A frilled lizard (D:1)
  4 goblins (D:1)
  5 rats
31 creatures vanquished.

Notes
Turn   | Place    | Note
-------+----------+-------------------------------------------
     0 | D:1      | polve the Barachi Skald began the quest for the Orb.
     0 | D:1      | Reached XP level 1. HP: 17/17 MP: 3/3
   202 | D:1      | Reached XP level 2. HP: 22/23 MP: 5/5
   212 | D:1      | Reached skill level 4 in Charms
   297 | D:1      | Learned a level 2 spell: Shroud of Golubria
   490 | D:1      | Reached skill level 1 in Translocations
   680 | D:1      | Reached XP level 3. HP: 20/28 MP: 6/6
  1272 | D:2      | Slain by a worm

Skill      XL: |  1  2  3 |
---------------+----------+-----
Charms         | 4 |  4.1
Translocations | 1 2 |  2.3
Fighting       | |  2.4
Polearms       | |  2.0
Armour         | |  1.2
Dodging        | |  2.1
Spellcasting   | |  2.1

Action                   || total
-------------------------++-------
Melee: Spear             ||   103
 Cast: Infusion          ||    11
 Abil: Hop               ||     1
  Eat: Chunk             ||     2
Armor: Leather armour    ||    27
Dodge: Dodged            ||    54
